 Dungeon Crawl Stone Soup version 0.30-a0-757-ga6a79fd877 (webtiles) character file.

Game seed: 8959443247370184886

218 freelancePsychic the Trooper (level 5, -11/47 HPs)
             Began as a Ghoul Berserker on Feb 9, 2023.
             Was a Priest of Trog.
             Mangled by Edmund
             ... wielding a +3 heavy dire flail
              (18 damage)
             ... on level 4 of the Dungeon.
             The game lasted 00:04:36 (2735 turns).

freelancePsychic the Trooper (Ghoul Berserker)      Turns: 2735, Time: 00:04:37

Health: -11/47     AC:  6    Str: 20    XL:     5   Next: 95%
Magic:  4/4        EV: 11    Int:  5    God:    Trog [***...]
Gold:   140        SH:  0    Dex:  8    Spells: 4/4 levels left

rFire   . . .      SeeInvis .    s - +0 halberd
rCold   + . .      Faith    +    (shield currently unavailable)
rNeg    + + +      Spirit   .    f - +1 ring mail
rPois   ∞          Reflect  .    (no helmet)
rElec   .          Harm     .    (no cloak)
rCorr   .          Rampage  .    (no gloves)
Will    ++...                    (no boots)
Stlth   +                        c - amulet of faith
HPRegen 1.00/turn                (no ring)
MPRegen 0.09/turn                (no ring)

@: strong-willed (expiring), regenerating (expiring)
A: claws 1, cold resistance 1, negative energy resistance 3, inhibited
regeneration, torment resistance 2, devour on kill
a: Renounce Religion, Trog's Hand


You were on level 4 of the Dungeon.
You worshipped Trog.
Trog was most pleased with you.
You visited 1 branch of the dungeon, and saw 4 of its levels.

You collected 140 gold pieces.

Inventory:

Hand Weapons
 a - a +0 spear
 s - a +0 halberd (weapon)
Missiles
 e - 14 poisoned darts (quivered)
Armour
 b - a +0 animal skin
 f - a +1 ring mail (worn)
Jewellery
 c - an amulet of faith (around neck)
 n - a ring of magical power
Wands
 p - a wand of digging (7)
Scrolls
 d - a scroll of torment
 j - a scroll of fear {unknown}
 k - 3 scrolls of poison {unknown}
 m - a scroll of teleportation {@r4}
 o - a scroll of identify {@r1}
 r - a scroll of immolation {unknown}
 u - a scroll of blinking {unknown}
Potions
 g - a potion of magic {unknown}
 h - a potion of heal wounds {unknown}
 i - a potion of ambrosia {unknown}
 l - a potion of flight {unknown}
 q - a potion of haste {unknown}
 t - 2 potions of degeneration {unknown}
 v - a potion of might {unknown}


   Skills:
 + Level 4.8 Fighting
 + Level 4.0 Polearms
 - Level 1.8 Armour
 - Level 1.8 Dodging
 + Level 3.5 Stealth


You had 4 spell levels left.
You didn't know any spells.
Your spell library was empty.

Dungeon Overview and Level Annotations

Branches:
Dungeon (4/15)
 Temple: D:4-7

Altars:
Ashenzari
Vehumet

Annotations:
D:4 1 runed translucent door, Crazy Yiuf, Edmund


Innate Abilities, Weirdness & Mutations

You are immune to poison.
You have sharp fingernails.
Your flesh is cold resistant. (rC+)
You are immune to negative energy. (rN+++)
You do not regenerate when monsters are visible.
You are immune to unholy pain and torment.
You thrive by killing the living.


Message History

You climb upwards.
There is a stone staircase leading down here.
You closely miss the goblin. The goblin closely misses you.
You barely miss the goblin. The goblin hits you but does no damage.
You barely miss the goblin. The goblin barely misses you.
The goblin closely misses you.
You miss the goblin. The goblin hits you but does no damage.
You hit the goblin but do no damage. The goblin hits you but does no damage.
You slash the goblin!
You kill the goblin!
Trog accepts your kill.
No target in view!
Unknown command.
Your skin crawls.
You feel strong-willed.
You climb downwards.
Level annotation: 1 runed translucent door, Crazy Yiuf, Edmund Edmund hits you with a +3 heavy dire flail!
There is a stone staircase leading up here.
You closely miss Edmund.
Edmund hits you with a +3 heavy dire flail!
You are too injured to fight recklessly!
You hit Edmund.
Edmund is lightly wounded.
You feel the effects of Trog's Hand fading.
Edmund hits you with a +3 heavy dire flail!
You barely miss Edmund.
Edmund is lightly wounded.
Edmund hits you with a +3 heavy dire flail!
* * * LOW HITPOINT WARNING * * *
You closely miss Edmund.
Edmund is lightly wounded.
Edmund hits you with a +3 heavy dire flail!
* * * LOW HITPOINT WARNING * * *
You slash Edmund!
Edmund is heavily wounded.
You barely miss Edmund.
Edmund is heavily wounded.
Edmund hits you with a +3 heavy dire flail!!
You die...

### ...#
.<..# #...#
## ###....#
#..#####.@.#
#!..?...@#
#.......##
#(.......#
..#......#
#......#
#.......
#........
########. ..


You could see Edmund.

Vanquished Creatures
  A centaur (D:4)
  2 adders (D:2)
  3 gnolls (D:3)
  An ufetubus (D:4)
  A worm (D:2)
  A dart slug (D:2)
  2 orcs
  6 ball pythons
  9 bats
  6 endoplasms
  6 giant cockroaches
  6 goblins
  9 hobgoblins
  5 jackals
  6 kobolds
  2 quokkas (D:1)
  A frilled lizard (D:3)
  4 rats
71 creatures vanquished.

Notes
Turn   | Place    | Note
-------+----------+-------------------------------------------
     0 | D:1      | freelancePsychic the Ghoul Berserker began the quest for
                  | the Orb.
     0 | D:1      | Reached XP level 1. HP: 19/19 MP: 0/0
   149 | D:1      | Reached XP level 2. HP: 26/26 MP: 1/1
   214 | D:1      | Reached skill level 1 in Stealth
   439 | D:1      | Reached XP level 3. HP: 33/33 MP: 2/2
   539 | D:1      | Reached ** piety under Trog
  1169 | D:2      | Reached XP level 4. HP: 39/40 MP: 3/3
  1233 | D:2      | Found a radiant altar of Vehumet.
  1509 | D:3      | Reached *** piety under Trog
  1885 | D:3      | Reached XP level 5. HP: 32/47 MP: 4/4
  2255 | D:4      | Found a broken altar of Ashenzari.
  2255 | D:4      | Noticed a centaur
  2404 | D:4      | Found a runed translucent door.
  2405 | D:4      | Noticed Crazy Yiuf
  2475 | D:4      | Killed a centaur
  2713 | D:4      | Noticed Edmund
  2735 | D:4      | Mangled by Edmund

Illustrated notes

Levels and vault maps discovered:
D:1:      lemuel_arrival_hallway, layout_basic, solitary_fountain,
          serial_bayou_pond_a
D:2:      layout_rooms, basic_altar, hex_large, minmay_misc_feat_x
D:3:      minmay_evil_eye, layout_loops_cross, kennysheep_nub
D:4:      kennysheep_spiral_hall, layout_rooms, nicolae_ashenzari_skybound,
          worldfamousw_hep_ancestral_shrine, nicolae_qazlal_style_of_elements,
          kennysheep_doodads, minmay_crystal_water, chequers_mini_garden,
          chequers_decorated_corner, minmay_manual_monstrance, uniq_edmund,
          uniq_crazy_yiuf_cottage, uniq_menkaure

Skill      XL: |  1  2  3  4  5 |
---------------+----------------+-----
Stealth        | 1 2 3 |  3.5
Polearms       | 3 4 |  4.0
Fighting       | 4 |  4.8
Armour         | |  1.8
Dodging        | |  1.8

Action                     |  1- 3 |  4- 6 || total
---------------------------+-------+-------++-------
  Melee: Spear             |   147 |    90 ||   237
         Halberd           |       |    47 ||    47
         Punch             |       |     1 ||     1
  Throw: Dart              |       |     2 ||     2
 Invoke: Trog's Hand       |       |     2 ||     2
    Use: Scroll            |     2 |     3 ||     5
   Stab: Sleeping          |       |     1 ||     1
 Armour: Ring mail         |    42 |    53 ||    95
  Dodge: Dodged            |    55 |    76 ||   131

Table legend: (Time is in decaauts)
 A = Elapsed time spent in this place.
 B = Non-inter-level travel time spent in this place.
 C = Inter-level travel time spent in this place.
 D = Time resting spent in this place.
 E = Time spent auto-exploring this place.
 F = Levels seen in this place.
 G = Mean time per level.
                   A        B        C        D        E       F      G
               +--------+--------+--------+--------+--------+-----+--------+
         Total |   2738 |   2596 |    142 |      0 |   2023 |   4 |  684.5 |
       Dungeon |   2738 |   2596 |    142 |      0 |   2023 |   4 |  684.5 |
               +--------+--------+--------+--------+--------+-----+--------+

Top non-repeatable levels by time:
     D:3: 913 daAuts
     D:1: 857 daAuts
     D:2: 544 daAuts
     D:4: 424 daAuts
